MLB
MINNESOTA TWINS @ BOSTON RED SOX
05/03/2052
 
TOP OF THE 1ST
Minnesota Twins batting - Pitching for Boston Red Sox : RHP Jeremy Hernandez
Pitching: RHP Jeremy Hernandez
Batting: LHB Ryan Flynn Jr. 0-0: Ball
1-0: Ball
2-0: Foul Ball, location: 7LSF
2-1: Ball
3-1: Foul Ball, location: 2F
3-2: Strikes out swinging
Batting: SHB Manny Molina 0-0: Called Strike
0-1: Foul Ball, location: 2F
0-2: Ball
1-2: Ball
2-2: Foul Ball, location: 7LDF
2-2: DOUBLE (Line Drive, 5D, EV 100.0 MPH)
Batting: RHB Miguel Gonzalez 0-0: Ground out 1-3 (Groundball, 15S, EV 75.0 MPH)
Batting: RHB Miguel Diaz 0-0: Ground out 5-3 (Groundball, 56, EV 82.5 MPH)
Top of the 1st over - 0 runs, 1 hit, 0 errors, 1 left on base; Minnesota 0 - Boston 0
BOTTOM OF THE 1ST
Boston Red Sox batting - Pitching for Minnesota Twins : LHP Willie Jimenez
Pitching: LHP Willie Jimenez
Batting: RHB Tony Nunez 0-0: Called Strike
0-1: Swinging Strike
0-2: Ball
1-2: Foul Ball, location: 9LMF
1-2: Ground out U3 (Groundball, 3, EV 85.6 MPH)
Batting: SHB Jose Pacheco 0-0: Ball
1-0: Foul Ball, location: 3SF
1-1: Foul Ball, location: 2F
1-2: Ball
2-2: Ball
3-2: Foul Ball, location: 7LMF
3-2: Fly out, F9 (Flyball, 89S, EV 87.5 MPH)
Batting: SHB Marvin Lawrence 0-0: Called Strike
0-1: Ball
1-1: Foul Ball, location: 7LMF
1-2: Strikes out swinging
Bottom of the 1st over - 0 runs, 0 hits, 0 errors, 0 left on base; Minnesota 0 - Boston 0
TOP OF THE 2ND
Minnesota Twins batting - Pitching for Boston Red Sox : RHP Jeremy Hernandez
Batting: RHB Alex Rodriguez Jr. 0-0: Swinging Strike
0-1: Ball
1-1: Fly out, F7 (Flyball, 7, EV 78.1 MPH)
Batting: LHB Ricardo Batista 0-0: Called Strike
0-1: Ball
1-1: Fly out, F5 (Popup, 5D, EV 55.6 MPH)
Batting: RHB Nestor Moreno 0-0: Ball
1-0: Ball
2-0: Called Strike
2-1: Called Strike
2-2: Strikes out swinging
Top of the 2nd over - 0 runs, 0 hits, 0 errors, 0 left on base; Minnesota 0 - Boston 0
BOTTOM OF THE 2ND
Boston Red Sox batting - Pitching for Minnesota Twins : LHP Willie Jimenez
Batting: RHB Josh Kalman 0-0: Ball
1-0: Called Strike
1-1: Ball
2-1: Foul Ball, location: 2F
2-2: Ball
3-2: Ground out 6-3 (Groundball, 6, EV 82.5 MPH)
Batting: RHB Jose Diaz 0-0: Called Strike
0-1: Called Strike
0-2: Strikes out looking
Batting: SHB Willie Koviak 0-0: Ball
1-0: Ball
2-0: SOLO HOME RUN (Flyball, 7D, EV 96.3 MPH), Distance : 393 ft
Batting: RHB Hidesuke Yoshida 0-0: Swinging Strike
0-1: Foul Ball, location: 2F
0-2: Ball
1-2: Ball
2-2: Strikes out swinging
Bottom of the 2nd over - 1 run, 1 hit, 0 errors, 0 left on base; Minnesota 0 - Boston 1
TOP OF THE 3RD
Minnesota Twins batting - Pitching for Boston Red Sox : RHP Jeremy Hernandez
Batting: LHB Harris Vink 0-0: Ball
1-0: Swinging Strike
1-1: Foul Ball, location: 2F
1-2: Ground out 4-3 (Groundball, 34, EV 96.9 MPH)
Batting: RHB Matt Dunn 0-0: Called Strike
0-1: Foul Ball, location: 9LMF
0-2: Ball
1-2: Ball
2-2: Ball
3-2: Foul Ball, location: 2F
3-2: Strikes out looking
Batting: LHB Ryan Flynn Jr. 0-0: Foul Ball, location: 9LMF
0-1: Called Strike
0-2: Ball
1-2: Ball
2-2: Foul Ball, location: 2RF
2-2: Ground out U3 (Groundball, 34S, EV 82.5 MPH)
Top of the 3rd over - 0 runs, 0 hits, 0 errors, 0 left on base; Minnesota 0 - Boston 1
BOTTOM OF THE 3RD
Boston Red Sox batting - Pitching for Minnesota Twins : LHP Willie Jimenez
Batting: SHB Greg Shaw 0-0: Foul Ball, location: 2F
0-1: Ball
1-1: Swinging Strike
1-2: Strikes out swinging
Batting: RHB Joe Sandoval 0-0: Ball
1-0: Called Strike
1-1: Ball
2-1: SINGLE (Line Drive, 9S, EV 103.1 MPH)
Batting: RHB Tony Nunez 0-0: Ball
1-0: Ball
2-0: Called Strike
2-1: SINGLE (Line Drive, 34D, EV 98.8 MPH)
Joe Sandoval to second
Runner from 2nd tries for 3rd, SAFE, throw by RF made to third
Batting: SHB Jose Pacheco 0-0: Ball
1-0: Called Strike
1-1: Foul Ball, location: 2F
1-2: Grounds into double play, 5-4-3 (Groundball, 15, EV 83.8 MPH)
Bottom of the 3rd over - 0 runs, 2 hits, 0 errors, 1 left on base; Minnesota 0 - Boston 1
TOP OF THE 4TH
Minnesota Twins batting - Pitching for Boston Red Sox : RHP Jeremy Hernandez
Batting: SHB Manny Molina 0-0: Fly out, F8 (Flyball, 8RXD, EV 108.8 MPH)
Batting: RHB Miguel Gonzalez 0-0: Foul Ball, location: 5DF
0-1: Ball
1-1: SOLO HOME RUN (Flyball, 8LXD, EV 112.5 MPH), Distance : 431 ft
Batting: RHB Miguel Diaz 0-0: Ball
1-0: Ball
2-0: Fly out, F9 (Line Drive, 89D, EV 90.0 MPH)
Batting: RHB Alex Rodriguez Jr. 0-0: Ball
1-0: Fly out, F2 (Popup, 2LF, EV 86.3 MPH)
Top of the 4th over - 1 run, 1 hit, 0 errors, 0 left on base; Minnesota 1 - Boston 1
BOTTOM OF THE 4TH
Boston Red Sox batting - Pitching for Minnesota Twins : LHP Willie Jimenez
Batting: SHB Marvin Lawrence 0-0: Ball
1-0: Called Strike
1-1: Foul Ball, location: 9LMF
1-2: Foul Ball, location: 2F
1-2: Strikes out swinging
Batting: RHB Josh Kalman 0-0: Called Strike
0-1: Ball
1-1: Fly out, F8 (Flyball, 8LXD, EV 98.1 MPH)
Batting: RHB Jose Diaz 0-0: Ball
1-0: Ball
2-0: Swinging Strike
2-1: Ground out 6-3 (Groundball, 56, EV 80.6 MPH)
Bottom of the 4th over - 0 runs, 0 hits, 0 errors, 0 left on base; Minnesota 1 - Boston 1
TOP OF THE 5TH
Minnesota Twins batting - Pitching for Boston Red Sox : RHP Jeremy Hernandez
Batting: LHB Ricardo Batista 0-0: Ball
1-0: Foul Ball, location: 5F
1-1: Ball
2-1: Ball
3-1: Fly out, F7 (Flyball, 7, EV 93.8 MPH)
Batting: RHB Nestor Moreno 0-0: Foul Ball, location: 3F
0-1: Called Strike
0-2: Foul Ball, location: 2F
0-2: Ball
1-2: Ball
2-2: Fly out, F9 (Flyball, 9S, EV 90.0 MPH)
Batting: LHB Harris Vink 0-0: Ball
1-0: Ball
2-0: Ball
3-0: Called Strike
3-1: Foul Ball, location: 2F
3-2: Strikes out looking
Top of the 5th over - 0 runs, 0 hits, 0 errors, 0 left on base; Minnesota 1 - Boston 1
BOTTOM OF THE 5TH
Boston Red Sox batting - Pitching for Minnesota Twins : LHP Willie Jimenez
Batting: SHB Willie Koviak 0-0: Ball
1-0: Ball
2-0: Called Strike
2-1: Ball
3-1: Base on Balls
Batting: RHB Hidesuke Yoshida 0-0: Ball
1-0: Sac Bunt to 3S - play at first, batter OUT! 3-4
Willie Koviak to second
Batting: SHB Greg Shaw 0-0: Called Strike
0-1: Ball
1-1: Foul Ball, location: 5FF
1-2: Strikes out swinging
Batting: RHB Joe Sandoval 0-0: Ball
1-0: Foul Ball, location: 23F
1-1: Foul Ball, location: 7LMF
1-2: Ball
2-2: Strikes out swinging
Bottom of the 5th over - 0 runs, 0 hits, 0 errors, 1 left on base; Minnesota 1 - Boston 1
TOP OF THE 6TH
Minnesota Twins batting - Pitching for Boston Red Sox : RHP Jeremy Hernandez
Batting: RHB Matt Dunn 0-0: Ball
1-0: Ball
2-0: Ball
3-0: Called Strike
3-1: Base on Balls
Batting: LHB Ryan Flynn Jr. 0-0: Ball
1-0: Bunted foul
1-1: Sac Bunt to 15 - play at first, batter OUT! 1-3
Matt Dunn to second
Batting: SHB Manny Molina 0-0: Called Strike
0-1: Ball
1-1: Ball
2-1: Ball
3-1: Called Strike
3-2: Foul Ball, location: 2LF
3-2: SINGLE (Groundball, 56D, EV 100.0 MPH)
Matt Dunn to third
Batting: RHB Miguel Gonzalez 0-0: Ball
1-0: DOUBLE (Groundball, 5L, EV 103.8 MPH)
Matt Dunn scores
Manny Molina to third
Runner from 3rd tries for Home, SAFE, throw by LF to home
Batting: RHB Miguel Diaz 0-0: Foul Ball, location: 25F
0-1: Ground out 6-3 (Groundball, 6, EV 104.4 MPH)
Batting: RHB Alex Rodriguez Jr. 0-0: 2-RUN HOME RUN (Flyball, 89XD, EV 108.8 MPH), Distance : 442 ft
Pitching: RHP Nick Butler
Batting: LHB Ricardo Batista 0-0: Called Strike
0-1: Called Strike
0-2: Ground out 6-3 (Groundball, 6, EV 88.1 MPH)
Top of the 6th over - 4 runs, 3 hits, 0 errors, 0 left on base; Minnesota 5 - Boston 1
BOTTOM OF THE 6TH
Boston Red Sox batting - Pitching for Minnesota Twins : LHP Willie Jimenez
Batting: RHB Tony Nunez 0-0: Called Strike
0-1: Called Strike
0-2: Foul Ball, location: 9LDF
0-2: Foul Ball, location: 2F
0-2: Foul Ball, location: 3F
0-2: Foul Ball, location: 9LSF
0-2: Foul Ball, location: 25F
0-2: Ball
1-2: Ball
2-2: Ball
3-2: Foul Ball, location: 5FF
3-2: Foul Ball, location: 9LSFF
3-2: Base on Balls
Batting: SHB Jose Pacheco 0-0: Called Strike
0-1: Ball
1-1: Foul Ball, location: 2F
1-2: SINGLE (Line Drive, 78S, EV 93.8 MPH)
Tony Nunez to second
Pitching: RHP Matt Lundy
Batting: SHB Marvin Lawrence 0-0: Called Strike
0-1: Ball
1-1: Ball
2-1: DOUBLE (Flyball, 8RXD, EV 103.1 MPH)
Tony Nunez scores
Jose Pacheco to third
Batting: RHB Josh Kalman 0-0: Called Strike
0-1: Foul Ball, location: 5FF
0-2: Ball
1-2: Ball
2-2: Ball
3-2: DOUBLE (Flyball, 8RXD, EV 105.0 MPH)
Jose Pacheco scores
Marvin Lawrence scores
Batting: RHB Jose Diaz 0-0: Ball
1-0: Foul Ball, location: 3SF
1-1: Swinging Strike
1-2: Foul Ball, location: 9LDF
1-2: Ball
2-2: Foul Ball, location: 9LMF
2-2: Ball
3-2: 2-RUN HOME RUN (Line Drive, 9LD, EV 96.9 MPH), Distance : 354 ft
Pitching: RHP Bryan Hallman
Batting: SHB Willie Koviak 0-0: Foul Ball, location: 2F
0-1: Swinging Strike
0-2: Ball
1-2: Ball
2-2: Foul Ball, location: 2F
2-2: Ball
3-2: Strikes out swinging
Batting: RHB Hidesuke Yoshida 0-0: Called Strike
0-1: Called Strike
0-2: Strikes out swinging
Batting: SHB Greg Shaw 0-0: Called Strike
0-1: Ball
1-1: Called Strike
1-2: Strikes out looking
Bottom of the 6th over - 5 runs, 4 hits, 0 errors, 0 left on base; Minnesota 5 - Boston 6
TOP OF THE 7TH
Minnesota Twins batting - Pitching for Boston Red Sox : RHP Nick Butler
Batting: RHB Nestor Moreno 0-0: Foul Ball, location: 25FF
0-1: Ball
1-1: Foul Ball, location: 25FF
1-2: Strikes out looking
Batting: LHB Harris Vink 0-0: Ball
1-0: Ball
2-0: Ball
3-0: Called Strike
3-1: Base on Balls
Batting: RHB Matt Dunn 0-0: Called Strike
0-1: Swinging Strike
0-2: Foul Ball, location: 25F
0-2: Ball
1-2: Strikes out swinging
Batting: LHB Ryan Flynn Jr. 0-0: Ground out 6-3 (Groundball, P, EV 90.6 MPH)
Top of the 7th over - 0 runs, 0 hits, 0 errors, 1 left on base; Minnesota 5 - Boston 6
BOTTOM OF THE 7TH
Boston Red Sox batting - Pitching for Minnesota Twins : RHP Bryan Hallman
Batting: RHB Joe Sandoval 0-0: Ball
1-0: Called Strike
1-1: Ball
2-1: Swinging Strike
2-2: Strikes out looking
Batting: RHB Tony Nunez 0-0: Called Strike
0-1: Called Strike
0-2: Ball
1-2: Ball
2-2: DOUBLE (Groundball, 5L, EV 101.3 MPH)
Batting: SHB Jose Pacheco 0-0: Called Strike
0-1: Foul Ball, location: 2F
0-2: Ball
1-2: Foul Ball, location: 2F
1-2: Foul Ball, location: 2F
1-2: Ground out U3 (Groundball, 34, EV 84.4 MPH)
Tony Nunez to third
Batting: SHB Marvin Lawrence 0-0: Swinging Strike
0-1: Swinging Strike
0-2: Strikes out looking
Bottom of the 7th over - 0 runs, 1 hit, 0 errors, 1 left on base; Minnesota 5 - Boston 6
TOP OF THE 8TH
Minnesota Twins batting - Pitching for Boston Red Sox : RHP Nick Butler
Pitching: RHP Jun-seok Pak
Batting: SHB Manny Molina 0-0: Called Strike
0-1: Fly out, F9 (Flyball, 9LM, EV 95.0 MPH)
Batting: RHB Miguel Gonzalez 0-0: Swinging Strike
0-1: Ball
1-1: Ground out 6-3 (Groundball, 6, EV 79.4 MPH)
Batting: RHB Miguel Diaz 0-0: Foul Ball, location: 9LMF
0-1: Ball
1-1: Swinging Strike
1-2: Ball
2-2: Foul Ball, location: 9LMF
2-2: Strikes out looking
Top of the 8th over - 0 runs, 0 hits, 0 errors, 0 left on base; Minnesota 5 - Boston 6
BOTTOM OF THE 8TH
Boston Red Sox batting - Pitching for Minnesota Twins : RHP Bryan Hallman
Batting: RHB Josh Kalman 0-0: Foul Ball, location: 9LSF
0-1: Called Strike
0-2: Ball
1-2: Foul Ball, location: 7LMF
1-2: Strikes out swinging
Batting: RHB Jose Diaz 0-0: Ball
1-0: Called Strike
1-1: Foul Ball, location: 2RF
1-2: Strikes out swinging
Batting: SHB Willie Koviak 0-0: Ball
1-0: Ball
2-0: Ground out 2-3 (Groundball, 2L, EV 66.3 MPH)
Bottom of the 8th over - 0 runs, 0 hits, 0 errors, 0 left on base; Minnesota 5 - Boston 6
TOP OF THE 9TH
Minnesota Twins batting - Pitching for Boston Red Sox : RHP Jun-seok Pak
Pitching: LHP Danny Schneible
Batting: RHB Alex Rodriguez Jr. 0-0: Ball
1-0: Foul Ball, location: 9LDF
1-1: Ball
2-1: Foul Ball, location: 5F
2-2: Strikes out swinging
Batting: LHB Ricardo Batista 0-0: Called Strike
0-1: Ball
1-1: Swinging Strike
1-2: Ball
2-2: Ball
3-2: Foul Ball, location: 2F
3-2: TRIPLE (Flyball, 89XD, EV 104.4 MPH)
Batting: RHB Nestor Moreno 0-0: Called Strike
0-1: Ball
1-1: Ball
2-1: SINGLE (Line Drive, 6D, EV 105.0 MPH)
Ricardo Batista scores
Pinch Hitting: SHB Victor Turrubiate 0-0: Ball
1-0: Called Strike
Nestor Moreno is caught stealing 2nd base 2-4
1-1: Ground out 4-3 (Groundball, 4, EV 80.6 MPH)
Top of the 9th over - 1 run, 2 hits, 0 errors, 0 left on base; Minnesota 6 - Boston 6
BOTTOM OF THE 9TH
Boston Red Sox batting - Pitching for Minnesota Twins : RHP Bryan Hallman
Pitching: RHP Felix Perez
Now in RF: Marshall Daul
Pinch Hitting: SHB Matsudaira Ikeda 0-0: Ball
1-0: Foul Ball, location: 7LDF
1-1: Called Strike
1-2: Ball
2-2: Strikes out looking
Batting: SHB Greg Shaw 0-0: Swinging Strike
0-1: Foul Ball, location: 5DF
0-2: Strikes out swinging
Pinch Hitting: LHB Wing-tat Tai 0-0: Called Strike
0-1: Ball
1-1: Foul Ball, location: 3F
1-2: SINGLE (Groundball, 34D, EV 102.5 MPH)
Batting: RHB Tony Nunez 0-0: Called Strike
0-1: Ball
1-1: Ball
2-1: SINGLE (Groundball, 56, EV 96.9 MPH)
Wing-tat Tai to second
Batting: SHB Jose Pacheco 0-0: Foul Ball, location: 7LSF
0-1: Ball
1-1: Ball
2-1: Foul Ball, location: 7LDF
2-2: Strikes out looking
Bottom of the 9th over - 0 runs, 2 hits, 0 errors, 2 left on base; Minnesota 6 - Boston 6
TOP OF THE 10TH
Minnesota Twins batting - Pitching for Boston Red Sox : LHP Danny Schneible
Pitching: RHP Prince Gibson
Now at 3B: Willie Koviak
Now at SS: Matsudaira Ikeda
Now in CF: Wing-tat Tai
Batting: RHB Matt Dunn 0-0: Called Strike
0-1: Ball
1-1: Ball
2-1: Swinging Strike
2-2: Strikes out swinging
Batting: LHB Ryan Flynn Jr. 0-0: Ball
1-0: Foul Ball, location: 7LDF
1-1: Ball
2-1: Called Strike
2-2: Strikes out swinging
Batting: SHB Manny Molina 0-0: Ball
1-0: Ball
2-0: Called Strike
2-1: Swinging Strike
2-2: Strikes out looking
Top of the 10th over - 0 runs, 0 hits, 0 errors, 0 left on base; Minnesota 6 - Boston 6
BOTTOM OF THE 10TH
Boston Red Sox batting - Pitching for Minnesota Twins : RHP Felix Perez
Pitching: RHP Mike Moon
Batting: SHB Marvin Lawrence 0-0: Ball
1-0: Ball
2-0: Foul Ball, location: 5F
2-1: Foul Ball, location: 3FF
2-2: Strikes out swinging
Batting: RHB Josh Kalman 0-0: Called Strike
0-1: Foul Ball, location: 3FF
0-2: Ball
1-2: Ball
2-2: Foul Ball, location: 7LMF
2-2: Ball
3-2: Ground out 5-3 (Groundball, 56, EV 91.9 MPH)
Batting: RHB Jose Diaz 0-0: Called Strike
0-1: Called Strike
0-2: Ball
1-2: Strikes out swinging
Bottom of the 10th over - 0 runs, 0 hits, 0 errors, 0 left on base; Minnesota 6 - Boston 6
TOP OF THE 11TH
Minnesota Twins batting - Pitching for Boston Red Sox : RHP Prince Gibson
Batting: RHB Miguel Gonzalez 0-0: Ball
1-0: Ball
2-0: Foul Ball, location: 9LDF
2-1: Ball
3-1: Base on Balls
Batting: RHB Miguel Diaz 0-0: SINGLE (Groundball, 6MD, EV 98.1 MPH)
Miguel Gonzalez to second
Pitching: RHP Greg Hart
Batting: RHB Alex Rodriguez Jr. 0-0: Foul Ball, location: 2F
0-1: Ball
1-1: Called Strike
1-2: Ball
2-2: Strikes out swinging
Batting: LHB Ricardo Batista 0-0: Ball
1-0: TRIPLE (Flyball, 89XD, EV 98.1 MPH)
Miguel Gonzalez scores
Miguel Diaz scores
Batting: RHB Nestor Moreno 0-0: Ball
1-0: Called Strike
1-1: Foul Ball, location: 2F
1-2: Foul Ball, location: 2F
1-2: Ball
2-2: Ground out 5-3 (Groundball, 56S, EV 91.3 MPH)
Batting: LHB Marshall Daul 0-0: Ball
1-0: Foul Ball, location: 7LSF
1-1: Fly out, F9 (Line Drive, 89M, EV 93.1 MPH)
Top of the 11th over - 2 runs, 2 hits, 0 errors, 1 left on base; Minnesota 8 - Boston 6
BOTTOM OF THE 11TH
Boston Red Sox batting - Pitching for Minnesota Twins : RHP Mike Moon
Batting: SHB Willie Koviak 0-0: SINGLE (Line Drive, 7S, EV 86.3 MPH)
Batting: SHB Matsudaira Ikeda 0-0: Foul Ball, location: 7LSF
0-1: Ball
1-1: Fly out, F9 (Line Drive, 89S, EV 90.6 MPH)
Batting: SHB Greg Shaw 0-0: Called Strike
0-1: Foul Ball, location: 3FF
0-2: Strikes out looking
Batting: LHB Wing-tat Tai 0-0: SINGLE (Groundball, 4MD, EV 103.1 MPH) (infield hit)
Willie Koviak to second
Batting: RHB Tony Nunez 0-0: Ground out 5-3 (Groundball, 56S, EV 64.4 MPH)
Bottom of the 11th over - 0 runs, 2 hits, 0 errors, 2 left on base; Minnesota 8 - Boston 6
Wednesday, April 10th , 2024 - OOTP Baseball 24.11 Build 85